 Dungeon Crawl Stone Soup version 0.30-a0-578-gdee14c521f (webtiles) character file.

Game seed: 18348889081885310217

114 lunkers the Cudgeller (level 5, 0/39 (41) HPs)
             Began as a Meteoran Reaver on Dec 31, 2022.
             Was a Believer of Cheibriados.
             Slain by an orc
             ... wielding a +0 short sword
              (1 damage)
             ... on level 3 of the Dungeon.
             The game lasted 00:02:05 (732 turns).

lunkers the Cudgeller (Meteoran Reaver)              Turns: 732, Time: 00:02:05

HP:   0/39 (41)     AC:  4    Str: 19    XL:     5   Next: 42%
MP:   10/10         EV: 12    Int: 18    God:    Cheibriados [**....]
Gold: 108           SH:  6    Dex: 17    Spells: 3/9 levels left

rFire   . . .      SeeInvis .    a - +5 dagger (elec)
rCold   . . .      Faith    .    j - +2 buckler
rNeg    . . .      Spirit   .    b - +0 leather armour
rPois   .          Reflect  .    (no helmet)
rElec   .          Harm     .    (no cloak)
rCorr   +          Rampage  .    n - +0 pair of gloves
Will    .....                    (no boots)
Stlth   +                        (no amulet)
HPRegen 0.26/turn                c - ring of resist corrosion
MPRegen 0.12/turn                (no ring)

@: glowing, lightly drained, very slow
A: sense surroundings 1, otherworldly, glowing, explore regen
a: Renounce Religion, Bend Time


You were on level 3 of the Dungeon.
You worshipped Cheibriados.
Cheibriados was pleased with you.
You visited 1 branch of the dungeon, and saw 3 of its levels.

You collected 108 gold pieces.

Inventory:

Hand Weapons
 a - a +5 dagger of electrocution (weapon)
 h - a +0 mace
Missiles
 g - a throwing net
Armour
 b - a +0 leather armour (worn)
 j - a +2 buckler (worn)
 n - a +0 pair of gloves (worn)
Jewellery
 c - a ring of resist corrosion (left hand)
Wands
 o - a wand of polymorph (11)
Scrolls
 e - 2 scrolls of identify {unknown}
 f - a scroll of immolation {unknown}
 m - a scroll of brand weapon {unknown}
Potions
 d - a potion of haste {unknown}
 i - 2 potions of curing {unknown}
 k - a potion of flight {unknown}
 l - a potion of mutation {unknown}


   Skills:
 - Level 2.1 Fighting
 + Level 2.1 Short Blades
 - Level 5.5 Maces & Flails
 - Level 2.4 Dodging
 - Level 2.6 Spellcasting
 - Level 4.8 Conjurations


You had 3 spell levels left.
You knew the following spells:

 Your Spells              Type           Power      Damage    Failure   Level
b - Momentum Strike       Conj/Tloc      22%        3d8       16%         2
c - Hailstorm             Conj/Ice       11%        3d5       30%         3
p - Kiss of Death         Conj/Necr      44%        2d8       11%         1

Your spell library contained the following spells:

 Spells                   Type           Power      Damage    Failure   Level
 Slow                     Hex            8%         N/A       28%         1
 Confusing Touch          Hex            2%         N/A       63%         3
 Vampiric Draining        Necr           2%         2d6       63%         3


Dungeon Overview and Level Annotations

Branches:
Dungeon (3/15) Zot: 1638

Altars:
Cheibriados

Shops:
D:2 :   D:3 [


Innate Abilities, Weirdness & Mutations

You passively map a small area around you.
You are easily found by Zot.
You glow in the dark.
You regain HP and MP as you explore.


Message History

The orc priest casts a cantrip, but nothing happens.
Something hits you. The orc hits you but does no damage.
Your Short Blades skill increases to level 1!
You hit the orc priest.
The orc priest is moderately wounded.
The orc priest hits you with a +0 flail.
The orc priest hits you with a +0 club.
* * * LOW HITPOINT WARNING * * *
You block the orc's attack.
You hear some strange, mumbled words.
A magic dart appears from out of thin air!
The magic dart hits you!
* * * LOW HITPOINT WARNING * * *
You barely miss the orc priest.
The orc priest is moderately wounded.
You block the orc priest's attack. The orc priest closely misses you.
The orc hits you with a +0 short sword.
* * * LOW HITPOINT WARNING * * *
Something hits you but does no damage.
You closely miss the orc priest.
The orc priest is moderately wounded.
The orc completely misses you.
The orc priest hits you with a +0 flail.
* * * LOW HITPOINT WARNING * * *
You block the orc priest's attack. Something hits you.
* * * LOW HITPOINT WARNING * * *
Unknown command.
You puncture the orc priest!
Lightning courses through the orc priest!
You kill the orc priest!
Cheibriados thoroughly appreciates the change of pace.
The orc priest looks satisfied for a moment.
The orc hits you with a +0 short sword.
* * * LOW HITPOINT WARNING * * *
Something hits you but does no damage.
Your Short Blades skill increases to level 2!
You barely miss the orc priest. You block something's attack.
The orc priest hits you but does no damage.
The orc hits you with a +0 short sword.
You die...

######## # .......####
..
..........###########...
,
........................
,
........................
,
.......##..[....)o......
................@{......
,
...####...###...)o......
*
..........###.##...####.
...........##.##......
...........##..........
,
...........######.......
, ................
....... ,
.#.....##.......#.......
.......##.......#..... ,
, ,


You could see an orc priest and an orc.

Vanquished Creatures
  An orc priest (D:3)
  Jessica (D:2)
  2 adders (D:2)
  A dart slug (D:1)
  An orc (D:3)
  2 ball pythons
  An endoplasm (D:3)
  2 goblins
  3 hobgoblins
  4 jackals (D:1)
  2 quokkas (D:2)
  4 bats
  5 frilled lizards
  6 kobolds
  4 rats
39 creatures vanquished.

Notes
Turn   | Place    | Note
-------+----------+-------------------------------------------
     0 | D:1      | lunkers the Meteoran Reaver began the quest for the Orb.
     0 | D:1      | Reached XP level 1. HP: 17/17 MP: 5/5
    15 | D:1      | Reached XP level 2. HP: 23/24 MP: 6/6
   228 | D:1      | Reached XP level 3. HP: 27/29 MP: 8/8
   231 | D:1      | Learned a level 2 spell: Momentum Strike
   235 | D:1      | Learned a level 3 spell: Hailstorm
   390 | D:2      | Found a faded altar of an unknown god.
   397 | D:2      | Prayed at the altar of an unknown god.
   397 | D:2      | Became a worshipper of Cheibriados the Contemplative
   397 | D:2      | Reached * piety under Cheibriados
   424 | D:2      | Reached skill level 5 in Maces & Flails
   489 | D:2      | Noticed Jessica
   492 | D:2      | Killed Jessica
   493 | D:2      | Reached XP level 4. HP: 27/34 MP: 6/9
   516 | D:2      | Found Bouhos's Book Shoppe.
   607 | D:3      | Reached ** piety under Cheibriados
   646 | D:3      | Reached XP level 5. HP: 34/36 MP: 10/10
   677 | D:3      | Found Anier's Antique Armour Shoppe.
   728 | D:3      | Reached skill level 1 in Short Blades
   731 | D:3      | HP: 1/36 [orc/+0 short sword (1)]
   732 | D:3      | Slain by an orc

Illustrated notes

Levels and vault maps discovered:
D:1:      scummos_arrival_star, layout_basic, hangedman_decor_clover_reticule
D:2:      layout_loops_ring, ebering_ecumenical_altar_abandoned, serial_shops,
          nicolae_diamond_shop, kennysheep_pointless_box, uniq_jessica,
          uniq_terence
D:3:      kennysheep_slugbush, layout_basic, serial_shops, shop,
          uniq_crazy_yiuf_cottage

Skill      XL: |  1  2  3  4  5 |
---------------+----------------+-----
Conjurations   | 4 |  4.8
Maces & Flails | 5 |  5.5
Short Blades   | 2 |  2.1
Fighting       | |  2.1
Dodging        | |  2.4
Spellcasting   | |  2.6

Action                   |  1- 3 |  4- 6 || total
-------------------------+-------+-------++-------
Melee: Mace              |    78 |     7 ||    85
       Dagger            |       |    23 ||    23
 Cast: Kiss of Death     |     1 |     1 ||     2
Armor: Leather armour    |    24 |    14 ||    38
Dodge: Dodged            |    47 |    18 ||    65
Block: Buckler           |       |    11 ||    11

Table legend: (Time is in decaauts)
 A = Elapsed time spent in this place.
 B = Non-inter-level travel time spent in this place.
 C = Inter-level travel time spent in this place.
 D = Time resting spent in this place.
 E = Time spent auto-exploring this place.
 F = Levels seen in this place.
 G = Mean time per level.
                   A        B        C        D        E       F      G
               +--------+--------+--------+--------+--------+-----+--------+
         Total |    855 |    820 |     35 |      0 |    509 |   3 |  285.0 |
       Dungeon |    855 |    820 |     35 |      0 |    509 |   3 |  285.0 |
               +--------+--------+--------+--------+--------+-----+--------+

Top non-repeatable levels by time:
     D:1: 308 daAuts
     D:2: 301 daAuts
     D:3: 246 daAuts
